 Dungeon Sprint DCSS version 0.17-a0-1946-gfb768fe (webtiles) character file.

331 esc the Firebug (level 6, -11/46 HPs)
             Began as an Octopode Fire Elementalist on Oct 1, 2015.
             Was a Believer of Vehumet.
             Mangled by a vault warden
             ... wielding a +0 broad axe
              (17 damage)
             ... in the Dungeon (Sprint V: "Ziggurat Sprint").
             The game lasted 00:03:22 (313 turns).

esc the Firebug (Octopode Fire Elementalist)         Turns: 313, Time: 00:03:22

Health: -11/46     AC:  1    Str: 19    XL:     6   Next: 51%
Magic:  13/15      EV: 19    Int: 32    God:    Vehumet [**....]
Gold:   0          SH:  0    Dex: 24    Spells: 2 memorised, 14 levels left

rFire  . . .     SeeInvis .     B - staff of energy {@w1+MP, hungerless spells, !d!a}
rCold  . . .     Clarity  .     (no shield)
rNeg   . . .     SustAt   .     (helmet restricted)
rPois  .         Gourm    .     (no amulet)
rElec  .         Spirit   .     D - +6 ring of dexterity
rCorr  .         Warding  .     E - +6 ring of dexterity
rMut   .         NoTele   +     F - +6 ring of intelligence
MR     .....                    G - +6 ring of intelligence
Stlth  ++++......               H - +6 ring of strength
                                I - +6 ring of strength
                                (no ring)
                                (no ring)

@: studying Transmutations, not resistant to hostile enchantments, stealthy
A: almost no armour, amphibious, 8 rings, constrict 8, camouflage 1, gelatinous
body 1
a: Renounce Religion


You were in the Dungeon.
You worshipped Vehumet.
Vehumet was pleased with you.
You were not hungry.

You visited 1 branch

Inventory:

Armour
 K - the +18 shield of the gong {rElec rN+ MR+ EV-5}
   (You found it in the Dungeon)

   It affects your evasion (-5).
   It insulates you from electricity.
   It protects you from negative energy.
   It affects your resistance to hostile enchantments.
Magical staves
 l - an uncursed staff of fire {rF+}
   (You found it in the Dungeon)
 B - an uncursed staff of energy (weapon) {@w1+MP, hungerless spells, !d!a}
   (You found it in the Dungeon)
Jewellery
 D - a +6 ring of dexterity (left tentacle)
   (You found it in the Dungeon)
 E - a +6 ring of dexterity (right tentacle)
   (You found it in the Dungeon)
 F - a +6 ring of intelligence (on tentacle)
   (You found it in the Dungeon)
 G - a +6 ring of intelligence (on tentacle)
   (You found it in the Dungeon)
 H - a +6 ring of strength (on tentacle)
   (You found it in the Dungeon)
 I - a +6 ring of strength (on tentacle)
   (You found it in the Dungeon)
Magical devices
 x - a wand of disintegration (6)
   (You found it in the Dungeon)
 y - a wand of fire (3)
   (You found it in the Dungeon)
 z - a wand of cold (0)
   (You found it in the Dungeon)
 A - a wand of draining (1)
   (You found it in the Dungeon)
Scrolls
 h - 4 scrolls of blinking {!r}
 o - 4 scrolls of amnesia
 p - 3 scrolls of recharging
 q - 7 scrolls of fog
 r - a scroll of holy word {!r}
 s - 5 scrolls of identify
 t - 5 scrolls of remove curse
 u - 2 scrolls of fear
Potions
 c - 10 potions of curing
 d - 10 potions of heal wounds
 e - 6 potions of haste
 f - 7 potions of magic
 g - 3 potions of berserk rage {!q}
 i - 2 potions of brilliance
 j - 2 potions of invisibility
 k - 4 potions of resistance
 m - 5 potions of agility
 n - 5 potions of might
Books
 a - a book of Flames
 M - a manual of Transmutations {!d}
   (You found it in the Dungeon)
Miscellaneous
 C - a crystal ball of energy
   (You found it in the Dungeon)
 J - a disc of storms
   (You found it in the Dungeon)
 L - a plain deck of wonders {drawn: 1}
   (You found it in the Dungeon)
Comestibles
 b - 5 bread rations {@e1}
 v - 42 fruits
 w - 4 meat rations {@e2}


   Skills:
 + Level 6.1 Fighting
 + Level 6.5 Dodging
 - Level 2.6 Stealth
 + Level 6.0 Spellcasting
 + Level 6.2 Conjurations
 + Level 6.9 Fire Magic


You had 14 spell levels left.
You knew the following spells:

 Your Spells              Type           Power        Failure   Level  Hunger
a - Flame Tongue          Conj/Fire      #####        1%          1    None
x - Throw Flame           Conj/Fire      ######       1%          2    None


Dungeon Overview and Level Annotations

Branches:
Dungeon (1/1)

Altars:
Ashenzari
Cheibriados
Dithmenos
Elyvilon
Fedhas
Gozag
Kikubaaqudgha
Makhleb
Nemelex Xobeh
Okawaru
Qazlal
Ru
Sif Muna
Trog
Vehumet
Xom
Yredelemnul
Zin
The Shining One
Beogh
Jiyva
Lugonu


Innate Abilities, Weirdness & Mutations

You cannot wear most types of armour.
You are amphibious.
You can wear up to eight rings at the same time.
You can use your tentacles to constrict eight enemies at once.
Your skin changes colour to match your surroundings (Stealth).
Your rubbery body absorbs attacks (AC +1).


Message History

You regained 6 hp, and now have 22/38 hp.
You see here a plain deck of wonders.
You see here an uncursed staff of fire {rF+}.
Autopickup is now on.
l - an uncursed staff of fire {rF+}
L - a plain deck of wonders Wield which item (- for none, * to show all)? (? for menu, Esc to quit)
Okay, then.
You start resting.
Health restored: 38; MP restored: 12
Okay, then.
Read which item? (? for menu, Esc to quit)
Okay, then.
Okay, then.
Your surroundings seem different!
Welcome to arena 2.
A wight and 2 skeletons come into view.
Aim: a wight, wielding a battleaxe and wearing a robe (resting)
The puff of flame hits the wight.
You now have 10/12 mp.
Aim: a wight, wielding a battleaxe and wearing a robe (lightly damaged)
The bolt of fire hits the bat skeleton.
You destroy the bat skeleton!
Vehumet accepts your kill.
The bolt of fire hits the wight.
You destroy the wight!
Vehumet accepts your kill.
Your Fighting skill increases to level 5!
Your Spellcasting skill increases to level 5!
Your Conjurations skill increases to level 5!
Your Fire Magic skill increases to level 6!
This wand has 3 charges left.
Aim: a ball python skeleton The puff of flame hits the ball python skeleton.
You destroy the ball python skeleton!
Vehumet accepts your kill.
You feel your power returning.
You now have 9/12 mp.
Things that are here:
a battleaxe; a robe
M - a manual of Transmutations {!d} Health restored: 39 You start resting.
MP restored: 12
Okay, then.
Your surroundings seem different!
Welcome to arena 3.
A boulder beetle, 2 wolf spiders and a vault warden come into view.
The vault warden shouts!
The boulder beetle twitches its antennae in your direction.
Okay, then.
Aim: a vault warden, wielding a broad axe and wearing a chain mail The bolt of negative energy misses the vault warden.
The bolt of negative energy hits the wolf spider.
The wolf spider is drained!
This wand has 3 charges left.
The wolf spider hisses angrily.
Aim: a vault warden, wielding a broad axe and wearing a chain mail The bolt of negative energy misses the vault warden.
The bolt of negative energy hits the wolf spider.
The wolf spider is drained!
This wand has 2 charges left.
You draw a card...
It is Wild Magic.
You feel a surge of magic. The wolf spider misses you.
The wolf spider bites you.
You take 4 damage, and have 35/39 hp.
The bolt of cold hits the wolf spider.
The bolt of cold misses the wolf spider.
This wand has 0 charges left.
The vault warden hits you with a broad axe.
The wolf spider closely misses you. The wolf spider misses you.
The boulder beetle curls into a ball and starts rolling!
You take 2 damage, and have 33/39 hp.
Aim: a boulder beetle (rolling)
The bolt of negative energy hits the vault warden.
The vault warden is drained!
The bolt of negative energy hits the boulder beetle.
The boulder beetle is drained!
This wand has 1 charge left.
The wolf spider closely misses you. x2
The wolf spider hits you. The wolf spider closely misses you.
The boulder beetle smashes into the wolf spider!
The boulder beetle stops rolling.
The vault warden closely misses you.
The wolf spider hits you but does no damage.
The wolf spider misses you. The wolf spider hits you!
The wolf spider completely misses you.
You take 21 damage, and have 12/39 hp.
MASSIVE DAMAGE!!
Aim: a wolf spider (almost dead, chance to defeat MR: 65%)
The wolf spider is blasted.
You blow up the wolf spider!
Vehumet accepts your kill. Vehumet offers you knowledge of Freeze.
Your Fighting skill increases to level 6!
Your Dodging skill increases to level 6!
Your Spellcasting skill increases to level 6!
Your Conjurations skill increases to level 6!
You have reached level 6!
Your experience leads to an increase in your attributes!
Your base attributes are Str 7, Int 19, Dex 12.
Increase (S)trength, (I)ntelligence, or (D)exterity?
You feel clever.
This wand has 6 charges left.
The wolf spider hits you!
* * * LOW HITPOINT WARNING * * *
The wolf spider completely misses you.
The vault warden hits you with a broad axe!
You die...

▓▓▓▓▓▓▓▓▓▓▓▓▓▓▓▓▓▓▓
▓.8©8.▓.8©8.▓.8©8.▓
▓.)|).▓.).).▓.....▓
▓..=.%▓..)..▓.....▓
▓...§.▓.....▓.....▓
▓...§.▓.....▓.....▓
▓.sBp.▓.....▓.....▓
▓..@..▓.....▓▓▓▓▓▓▓
▓▓▓▓▓▓▓▓▓▓▓▓▓


You could see a vault warden, a boulder beetle and a wolf spider.

Vanquished Creatures
  A wolf spider (D)
  A large abomination (D)
  A wight (D)
  A crimson imp (D)
  A bat skeleton (D)
  A ball python skeleton (D)
6 creatures vanquished.

Vanquished Creatures (others)
  2 spatial maelstroms (D)
2 creatures vanquished.

Grand Total: 8 creatures vanquished

Notes
Turn   | Place    | Note
--------------------------------------------------------------
     0 | D        | esc the Octopode Fire Elementalist began the quest for the Orb.
     0 | D        | Reached XP level 1. HP: 11/11 MP: 3/3
     0 | D        | Found a roughly hewn altar of Beogh.
     0 | D        | Found a corrupted altar of Lugonu.
     0 | D        | Found a viscous altar of Jiyva.
     0 | D        | Found a white marble altar of Elyvilon.
     0 | D        | Found a sparkling altar of Nemelex Xobeh.
     0 | D        | Found a burning altar of Makhleb.
     0 | D        | Found an iron altar of Okawaru.
     0 | D        | Found a deep blue altar of Sif Muna.
     0 | D        | Found a radiant altar of Vehumet.
     0 | D        | Found a bloodstained altar of Trog.
     0 | D        | Found a shimmering altar of Xom.
    16 | D        | Banished a spatial maelstrom
    17 | D        | Banished a spatial maelstrom
    28 | D        | Became a worshipper of Vehumet
    41 | D        | Reached skill level 3 in Fighting
    41 | D        | Reached skill level 3 in Dodging
    41 | D        | Reached skill level 3 in Spellcasting
    41 | D        | Reached skill level 3 in Conjurations
    41 | D        | Reached skill level 4 in Fire Magic
    41 | D        | Reached XP level 2. HP: 14/21 MP: 3/6
    45 | D        | Learned a level 2 spell: Throw Flame
   142 | D        | Entered arena 1.
   142 | D        | Noticed a crimson imp
   142 | D        | Noticed a large abomination
   146 | D        | Killed a crimson imp
   146 | D        | Reached skill level 4 in Dodging
   146 | D        | Reached XP level 3. HP: 26/26 MP: 8/8
   148 | D        | Killed a large abomination
   148 | D        | Acquired Vehumet's first power
   148 | D        | Offered knowledge of Magic Dart by Vehumet.
   148 | D        | Reached skill level 4 in Fighting
   148 | D        | Reached skill level 5 in Dodging
   148 | D        | Reached skill level 4 in Spellcasting
   148 | D        | Reached skill level 4 in Conjurations
   148 | D        | Reached skill level 5 in Fire Magic
   148 | D        | Reached XP level 4. HP: 20/34 MP: 8/10
   148 | D        | Reached XP level 5. HP: 22/38 MP: 9/12
   283 | D        | Entered arena 2.
   283 | D        | Noticed a wight
   285 | D        | Killed a wight
   285 | D        | Reached skill level 5 in Fighting
   285 | D        | Reached skill level 5 in Spellcasting
   285 | D        | Reached skill level 5 in Conjurations
   285 | D        | Reached skill level 6 in Fire Magic
   307 | D        | Entered arena 3.
   307 | D        | Noticed a vault warden
   307 | D        | Noticed a wolf spider
   307 | D        | Noticed a boulder beetle
   307 | D        | Noticed a wolf spider
   313 | D        | Killed a wolf spider
   313 | D        | Offered knowledge of Freeze by Vehumet.
   313 | D        | Reached skill level 6 in Fighting
   313 | D        | Reached skill level 6 in Dodging
   313 | D        | Reached skill level 6 in Spellcasting
   313 | D        | Reached skill level 6 in Conjurations
   313 | D        | Reached XP level 6. HP: 13/46 MP: 13/15
   313 | D        | HP: 6/46 [wolf spider (7)]
   313 | D        | Mangled by a vault warden

Vault maps used:
D:        sprint_v

Action                   |  1- 3 |  4- 6 || total
-------------------------+-------+-------++-------
 Cast: Throw Flame       |       |     2 ||     2
Evoke: Wand              |     5 |     7 ||    12
       Deck              |       |     1 ||     1
  Use: Potion            |     1 |       ||     1

Vault maps used:
D:        sprint_v

Table legend:
 A = Turns spent in this place as a percentage of turns spent in the entire game.
 B = Non-inter-level travel turns spent in this place as a percentage of non-inter-level travel turns spent in the entire game.
 C = Inter-level travel turns spent in this place as a percentage of turns spent in this place.
 D = Turns resting spent in this place as a percentage of non-inter-level travel turns spent in this place.
 E = Turns spent auto-exploring this place as a percentage of non-inter-level travel turns spent in this place.
 F = Non-inter-level travel turns spent in this place divided by the number of levels of this place that you've seen.
                   A       B       C       D       E      F
               +-------+-------+-------+-------+-------+----------------------
         Total | 100.0 | 100.0 |   0.0 |   6.7 |   0.0 |  89.0
       Dungeon | 100.0 | 100.0 |   0.0 |   6.7 |   0.0 |  89.0
               +-------+-------+-------+-------+-------+----------------------

Table legend:
 A = Kills in this place as a percentage of kills in entire the game.
 B = Kills by you in this place as a percentage of kills by you in the entire game.
 C = Kills by friends in this place as a percentage of kills by friends in the entire game.
 D = Other kills in this place as a percentage of other kills in the entire game.
 E = Experience gained in this place as a percentage of experience gained in the entire game.
 F = Experience gained in this place divided by the number of levels of this place that you have seen.
                   A       B       C       D       E      F
               +-------+-------+-------+-------+-------+----------------------
         Total | 100.0 | 100.0 |  -nan |  -nan | 100.0 | 463.0
       Dungeon | 100.0 | 100.0 |  -nan |  -nan | 100.0 | 463.0
               +-------+-------+-------+-------+-------+----------------------
